 Dungeon Crawl Stone Soup version 0.31-a0-1-g4198be8af4 (webtiles) character file.

Game seed: 17304671777135159764

396 Dittersdorf the Trooper (level 6, 0/40 HPs)
             Began as a Gargoyle Fighter on May 2, 2023.
             Slain by Eustachio
             ... wielding a +4 falchion of electrocution
              (8 damage)
             ... on level 4 of the Dungeon.
             The game lasted 00:04:27 (3252 turns).

Dittersdorf the Trooper (Gargoyle Fighter)          Turns: 3252, Time: 00:04:27

Health: 0/40       AC: 14    Str: 22    XL:     6   Next: 82%
Magic:  6/6        EV:  8    Int:  8    God:
Gold:   220        SH:  5    Dex:  9    Spells: 5/5 levels left

rFire   . . .        a - +0 flail
rCold   + . .        c - +1 buckler
rNeg    + . .        n - +0 chain mail
rPois   ∞            (no helmet)
rElec   +            (no cloak)
rCorr   +            (no gloves)
SInv    .            (no boots)
Will    .....        (no amulet) Stlth
                     s - ring of resist corrosion
HPRegen 0.26/turn    r - ring of protection from cold
MPRegen 0.10/turn

%: no passive effects
@: no status effects
A: sickness immunity, AC +4, negative energy resistance 1, electricity
resistance, torment resistance 1, petrification resistance
a: no special abilities


You were on level 4 of the Dungeon.
You visited 1 branch of the dungeon, and saw 4 of its levels.

You collected 220 gold pieces.

Inventory:

Hand Weapons
 a - a +0 flail (weapon)
Armour
 c - a +1 buckler (worn)
 n - a +0 chain mail (worn)
Jewellery
 i - a ring of flight
 r - a ring of protection from cold (right hand)
 s - a ring of resist corrosion (left hand)
Scrolls
 k - a scroll of magic mapping
 l - a scroll of blinking
 m - a scroll of enchant armour
Potions
 d - a potion of might
 e - 2 potions of flight
 g - 2 potions of brilliance {unknown}
 h - 2 potions of berserk rage
 q - a potion of curing
 t - 2 potions of heal wounds


   Skills:
 + Level 5.0 Fighting
 + Level 3.8 Maces & Flails
 + Level 4.9 Armour
 + Level 4.9 Shields


You had 5 spell levels left.
You didn't know any spells.
Your spell library contained the following spells:

 Spells                   Type           Power      Damage    Failure   Level
 Beastly Appendage        Tmut           0%         N/A       97%         1
 Foxfire                  Conj/Fire      0%         2x1d4     97%         1
 Wereblood                Tmut           0%         N/A       99%         2
 Spider Form              Tmut/Pois      0%         N/A       100%        3
 Ignition                 Fire           0%         3d3       100%        8


Dungeon Overview and Level Annotations

Branches:
Dungeon (4/15)
 Temple: D:4-7

Altars:
Makhleb
Qazlal

Annotations:
D:4 Eustachio


Innate Abilities, Weirdness & Mutations

You are immune to sickness and miasma.
Your stone body is resilient. (AC +4)
You are immune to poison.
You resist negative energy. (rN+)
You are resistant to electric shocks. (rElec)
You are resistant to unholy torment.
You are immune to petrification.


Message History

Aim: Eustachio, wielding a +4 falchion of electrocution and wearing a +0 leather armour (moderately wounded, 43% to hit)
You throw a poisoned dart.
The poisoned dart closely misses Eustachio.
The quokka bites you but does no damage.
The river rat bites you but does no damage.
The quokka bites you but does no damage.
The river rat bites you.
* * * LOW HITPOINT WARNING * * *
You block the rat's attack. The rat bites you but does no damage.
You sock Eustachio!
Eustachio is severely wounded.
The quokka bites you but does no damage.
You block Eustachio's attack. The river rat barely misses you.
You block the rat's attack. The rat bites you but does no damage.
The quokka bites you but does no damage.
Eustachio hits you but does no damage.
You hit Eustachio.
Eustachio is almost dead.
The river rat closely misses you.
The quokka bites you but does no damage.
The rat bites you but does no damage. You block the rat's attack.
Eustachio casts a spell.
The river rat bites you but does no damage.
You hit Eustachio but do no damage.
Eustachio is almost dead.
You block the quokka's attack.
The rat bites you but does no damage. x2
Eustachio hits you with a +4 falchion of electrocution.
* * * LOW HITPOINT WARNING * * *
The crimson imp blinks!
You block the river rat's attack. The quokka closely misses you.
You barely miss Eustachio.
Eustachio is severely wounded.
You block the rat's attack. The rat barely misses you.
Eustachio hits you but does no damage. The quokka barely misses you.
The river rat closely misses you. The rat completely misses you.
The rat barely misses you.
You hit Eustachio.
Eustachio is almost dead.
Eustachio hits you with a +4 falchion of electrocution!
You die...

.[..###.##..,*
...........#**
.....####'####
.....#.......# *#######**
.....#.⌠...⌠.# *.......,*
.....#.......###*.......,*
.....'...⌠...+.#*.§....(,*
....)#.......#.##@......,*
.....#.⌠...⌠.#.r@r......,*
###.##.......#†r.r......,*
)....####+####..#......5,*
...<..# #......##.......,*
###.### ##..####*#######**
#.## ###..# #..###....##
##..#..##..##
#####.#.####..#


You could see Eustachio, a crimson imp (summoned), a river rat (summoned), a
quokka (summoned) and 2 rats.

Vanquished Creatures
  2 scorpions
  2 jellies
  2 orc priests (D:3)
  An iguana (D:4)
  4 adders
  5 worms
  7 orcs
  9 ball pythons
  8 endoplasms
  2 giant cockroaches (D:1)
  9 goblins
  8 hobgoblins
  2 jackals (D:2)
  9 kobolds
  4 quokkas
  4 bats
  3 frilled lizards
  5 rats (D:1)
86 creatures vanquished.

Notes
Turn   | Place    | Note
-------+----------+-------------------------------------------
     0 | D:1      | Dittersdorf the Gargoyle Fighter began the quest for the
                  | Orb.
     0 | D:1      | Reached XP level 1. HP: 14/14 MP: 1/1
    31 | D:1      | Got the Vademecum on Lava
   186 | D:1      | Reached XP level 2. HP: 16/19 MP: 2/2
   487 | D:1      | Reached XP level 3. HP: 19/23 MP: 3/3
   839 | D:2      | Noticed a scorpion
   845 | D:2      | Killed a scorpion
   846 | D:2      | Reached skill level 4 in Fighting
   846 | D:2      | Reached XP level 4. HP: 23/29 MP: 4/4
   935 | D:2      | Found a faded altar of an unknown god.
  1335 | D:2      | Reached XP level 5. HP: 33/33 MP: 5/5
  2135 | D:3      | Reached XP level 6. HP: 18/39 MP: 6/6
  2299 | D:3      | Found a burning altar of Makhleb.
  3047 | D:4      | Found a stormy altar of Qazlal.
  3067 | D:4      | Reached skill level 5 in Fighting
  3210 | D:4      | Noticed Eustachio
  3252 | D:4      | Slain by Eustachio

Illustrated notes

Levels and vault maps discovered:
D:1:      dpeg_arrival_rhombi, layout_basic, hex_medium, kennysheep_minor_cross,
          minmay_heptomino_d4
D:2:      layout_basic, hellmonk_ecumenical_altar_run_dry,
          guppyfry_early_orc_mine
D:3:      minmay_wonky_spiral, layout_loops_ring, lemuel_coloured_pillars_altar
D:4:      layout_rooms, grunt_qazlal_sundering, minmay_fountain_box,
          hangedman_decor_riveting, uniq_duvessa, uniq_robin, uniq_eustachio,
          uniq_blork_the_orc

Skill      XL: |  1  2  3  4  5  6 |
---------------+-------------------+-----
Fighting       | 4 5 |  5.0
Armour         | 4 |  4.9
Shields        | 4 |  4.9
Maces & Flails | 3 |  3.8

Action                     |  1- 3 |  4- 6 || total
---------------------------+-------+-------++-------
  Melee: Flail             |   114 |   238 ||   352
  Throw: Dart              |       |     3 ||     3
         Throwing net      |       |     1 ||     1
    Use: Scroll            |       |    10 ||    10
 Armour: Scale mail        |    71 |   115 ||   186
         Chain mail        |       |    48 ||    48
  Dodge: Dodged            |    60 |   129 ||   189
  Block: Buckler           |    30 |    61 ||    91

Table legend: (Time is in decaauts)
 A = Elapsed time spent in this place.
 B = Non-inter-level travel time spent in this place.
 C = Inter-level travel time spent in this place.
 D = Time resting spent in this place.
 E = Time spent auto-exploring this place.
 F = Levels seen in this place.
 G = Mean time per level.
                   A        B        C        D        E       F      G
               +--------+--------+--------+--------+--------+-----+--------+
         Total |   3354 |   3221 |    133 |    412 |   1947 |   4 |  838.5 |
       Dungeon |   3354 |   3221 |    133 |    412 |   1947 |   4 |  838.5 |
               +--------+--------+--------+--------+--------+-----+--------+

Top non-repeatable levels by time:
     D:3: 1148 daAuts
     D:2: 932 daAuts
     D:1: 753 daAuts
     D:4: 518 daAuts
